Map: Lightshade LE

Players

Bunny - Winner!

  • Race: Terran Terran
  • Spawn Location: 11:00

Reynor

  • Race: Zerg Zerg
  • Spawn Location: 5:00

VOD

Have the link to the VOD?

Description

Time

  • Played on: Jan. 14, 2021, 8:23 a.m.
  • Length: 19:58
Show
View Real Time Build Order
Export as new Build Order

Bunny Terran - Winner!

Build Orders: Reaper Expand, Hellion Banshee 

Get SALT Encoding   

  12  0:00  SCV  
  13  0:12  SCV  
  14  0:17  Supply Depot  
  14  0:24  SCV  
  15  0:39  SCV  
  15  0:41  Barracks  
  16  0:43  Refinery  
  16  0:51  SCV  
  17  1:03  SCV  
  18  1:15  SCV  
  19  1:28  Orbital Command, Reaper  
  20  1:38  Command Center  
  20  1:48  Supply Depot  
  20  1:54  SCV  
  20  1:59  Marine  
  22  2:07  SCV  
  23  2:10  Factory  
  23  2:17  Refinery  
  23  2:19  SCV  
  23  2:21  Barracks Reactor  
  24  2:31  SCV  
  25  2:43  SCV  
  25  2:49  Orbital Command  
  25  2:54  Starport  
  25  2:55  SCV  
  26  3:02  Hellion x2  
  30  3:07  Barracks Tech Lab, SCV  
  31  3:15  SCV  
  31  3:19  SCV  
  33  3:23  Hellion  
  33  3:24  Hellion  
  36  3:30  SCV  
  36  3:31  SCV  
  37  3:39  Banshee, Marine  
  37  3:40  Cloaking Field  
  40  3:42  SCV  
  40  3:43  SCV  
  40  3:46  Supply Depot, Hellion  
  40  3:47  Hellion  
  46  4:07  SCV x2  
  48  4:10  Command Center  
  48  4:12  Barracks Tech Lab  
  48  4:14  Supply Depot  
  48  4:19  SCV x2  
  48  4:22  Banshee  
  53  4:28  Supply Depot  
  53  4:31  Marine  
  53  4:32  Stimpack  
  53  4:35  SCV x2  
  56  4:47  SCV x2  
  56  4:52  Factory Reactor  
  58  4:53  Barracks  
  58  4:57  Barracks  
  60  5:00  SCV x2  
  60  5:02  Engineering Bay x2  
  60  5:05  Refinery  
  60  5:07  Refinery  
  60  5:12  SCV x2, Marine  
  60  5:13  Starport Reactor  
  63  5:21  Supply Depot  
  63  5:24  SCV x2  
  57  5:29  Orbital Command  
  57  5:32  Marine  
  57  5:34  Terran Infantry Armor Level 1, Terran Infantry Weapons Level 1  
  58  5:37  SCV x2  
  58  5:39  Marine  
  58  5:40  Marine  
  62  5:44  Siege Tank  
  65  5:51  Marine x3  
  65  5:52  Orbital Command  
  68  5:57  SCV, Marine x2  
  68  5:58  Medivac x2, SCV  
  68  6:02  Supply Depot  
  68  6:03  Supply Depot  
  76  6:09  Marine x3  
  79  6:11  SCV x2  
  79  6:12  Combat Shield  
  79  6:15  Marine  
  79  6:16  Refinery  
  79  6:17  Siege Tank  
  85  6:19  Marine  
  85  6:21  SCV  
  85  6:23  SCV  
  85  6:24  SCV  
  89  6:28  Supply Depot  
  89  6:29  Medivac  
  91  6:33  Medivac, SCV  
  91  6:35  SCV, Marine  
  91  6:36  SCV, Marine x3  
  100  6:42  Marine  
  100  6:46  Barracks  
  101  6:47  Barracks  
  101  6:49  Siege Tank  
  101  6:51  SCV  
  101  6:52  SCV x2  
  101  6:53  Supply Depot  
  107  6:57  Armory  
  107  7:00  Supply Depot, Marine  
  107  7:01  Marine x3  
  111  7:03  Marine  
  111  7:08  SCV x3  
  115  7:11  Medivac  
  115  7:14  Medivac  
  119  7:19  Supply Depot  
  119  7:24  Supply Depot  
  119  7:28  SCV x3  
  122  7:32  Marine  
  122  7:33  Marine x4  
  126  7:41  Barracks Reactor, Command Center  
  126  7:42  Barracks Reactor  
  126  7:43  Siege Tank  
  128  7:49  SCV  
  128  7:50  SCV x2, Marine x4  
  128  7:51  Marine  
  132  7:54  Terran Infantry Weapons Level 2  
  132  7:56  Supply Depot  
  132  7:57  Terran Infantry Armor Level 2  
  132  8:02  Terran Vehicle Weapons Level 1  
  132  8:09  SCV x3, Marine x3  
  132  8:10  Marine x2  
  139  8:15  Siege Tank  
  139  8:19  Marine  
  143  8:20  Supply Depot, Marine x2  
  146  8:27  Marine x3  
  146  8:30  Barracks  
  146  8:31  Barracks  
  146  8:32  Barracks  
  148  8:39  Supply Depot  
  148  8:40  Sensor Tower  
  148  8:41  Medivac x2  
  148  8:42  Marine x6  
  148  8:43  Supply Depot  
  148  8:45  Marine  
  148  8:46  Concussive Shells  
  148  8:47  Siege Tank  
  162  9:00  Marine x3  
  162  9:01  Marauder, Marine x4  
  167  9:03  Marine  
  168  9:10  SCV x3  
  168  9:11  Medivac x2  
  170  9:20  Siege Tank, Marine x7  
  170  9:22  Barracks Tech Lab, Marauder  
  182  9:24  Barracks Reactor, Barracks Tech Lab  
  164  9:39  Planetary Fortress  
  164  9:41  Marine  
  164  9:42  Marine x9  
  174  9:52  Siege Tank  
  173  9:54  Marauder  
  173  9:59  Marine x5  
  172  10:00  Marauder x2  
  172  10:02  Marine  
  172  10:03  Marine x3  
  184  10:14  Marine  
  185  10:15  Sensor Tower, Marauder  
  185  10:17  Marine x5  
  185  10:20  Marine x3  
  185  10:21  Marine  
  190  10:22  Marauder  
  190  10:28  Command Center  
  194  10:29  Siege Tank  
  194  10:33  Terran Infantry Weapons Level 3  
  193  10:47  Medivac x2  
  193  10:48  Marine  
  193  10:49  Marauder x2, Marine  
  196  11:05  Refinery  
  196  11:07  Command Center, Refinery  
  196  11:35  Ghost Academy  
  196  11:36  Terran Infantry Armor Level 3  
  196  11:38  Supply Depot  
  196  11:39  Marine x4  
  200  11:46  Command Center  
  200  11:59  Factory  
  200  12:01  Factory, Marine  
  200  12:04  Marine x2  
  200  12:05  Marine  
  200  12:06  Marauder x2, Marine  
  200  12:07  Marauder, Siege Tank, Marine  
  174  12:19  Marine  
  174  12:20  Medivac x2  
  174  12:22  Marine x2  
  163  12:24  Marine  
  163  12:25  Marine  
  163  12:26  Marine x4  
  163  12:27  Marauder x2  
  163  12:29  Marauder  
  172  12:31  Planetary Fortress, SCV x3  
  173  12:38  Marine x2  
  173  12:39  Siege Tank  
  173  12:40  Marine x2  
  173  12:43  SCV  
  173  12:44  SCV  
  173  12:48  Marauder x2  
  173  12:50  Medivac x2, Marauder  
  158  13:00  Marine  
  158  13:01  Marine x9  
  166  13:10  Marauder x2  
  166  13:11  Marauder, Siege Tank  
  165  13:18  Marine  
  165  13:19  Marine  
  158  13:28  Medivac x2  
  158  13:31  Marauder, Marine  
  158  13:32  Marine x3  
  168  13:39  Marauder x2, Marine x6  
  178  13:42  Factory Tech Lab  
  178  13:43  Factory Tech Lab  
  166  13:52  Marauder, Siege Tank  
  170  14:00  Marauder x2, Marine x4  
  170  14:02  Planetary Fortress  
  178  14:07  Siege Tank  
  181  14:14  Marauder  
  182  14:19  Marine  
  182  14:21  Marauder  
  182  14:22  Marauder  
  186  14:28  Marine  
  186  14:29  Marine x3  
  183  14:35  Marauder  
  183  14:38  Siege Tank x2  
  176  14:42  Siege Tank  
  164  14:47  Marauder x2  
  164  14:48  Marine x2  
  164  14:49  Marine x3  
  168  14:57  Marauder, Marine x4  
  169  15:05  Terran Vehicle Weapons Level 2  
  169  15:10  Siege Tank  
  169  15:12  Sensor Tower  
  172  15:14  Marine  
  172  15:15  Marine  
  174  15:23  Siege Tank x2  
  178  15:42  Siege Tank  
  170  15:44  Medivac x2  
  174  15:52  Refinery x2  
  174  15:54  Command Center  
  174  15:55  Command Center  
  171  16:11  Marauder x2  
  172  16:14  Medivac x2, Marine x4  
  172  16:17  Marine x7  
  169  16:31  Marine  
  169  16:32  Siege Tank  
  162  16:34  Siege Tank  
  162  16:36  Refinery x2, Marine x8  
  162  16:37  Marine  
  174  16:44  Medivac x2  
  178  16:52  Marauder x2  
  178  16:53  Marine  
  178  16:54  Marine x3  
  181  17:03  Siege Tank  
  181  17:04  Siege Tank  
  181  17:05  SCV  
  185  17:09  Orbital Command x2  
  183  17:22  Siege Tank  
  166  17:26  Marauder x3  
  166  17:27  Marine  
  172  17:35  Siege Tank  
  172  17:44  Siege Tank  
  167  17:48  Marauder  
  167  17:51  Marauder x2, Marine x6  
  153  17:54  Siege Tank  
  153  17:58  Marine x4  
  163  18:07  Siege Tank  
  163  18:08  Marine  
  166  18:23  Liberator  
  166  18:24  Liberator, Ghost  
  166  18:25  Ghost  
  166  18:26  Ghost  
  159  18:37  Siege Tank x2  
  159  18:40  Command Center  
  164  18:56  Ghost  
  164  18:57  Ghost x2  
  168  19:08  Marine x7  
  168  19:11  Marine x3  
  168  19:25  Missile Turret, Sensor Tower, Marine x2  
  168  19:26  Marine x4  
  159  19:37  Marine x3  
Show
View Real Time Build Order
Export as new Build Order

Reynor Zerg 

Build Orders: Hatch First, Lurkers 

Get SALT Encoding   

  12  0:00  Drone  
  13  0:12  Overlord  
  13  0:16  Drone  
  14  0:30  Drone x2  
  16  0:48  Hatchery  
  15  0:51  Drone  
  15  0:54  Drone  
  17  0:59  Drone  
  18  1:08  Extractor  
  17  1:15  Spawning Pool  
  17  1:17  Drone  
  17  1:20  Drone  
  18  1:27  Drone  
  19  1:39  Drone  
  20  1:49  Overlord  
  20  2:02  Zergling x4, Queen x2  
  26  2:13  Zergling x2  
  26  2:14  Drone  
  28  2:25  Drone x2  
  29  2:34  Hatchery, Drone  
  29  2:40  Drone  
  29  2:44  Queen  
  30  2:50  Metabolic Boost  
  32  2:54  Overlord  
  32  2:56  Drone  
  33  2:59  Drone  
  33  3:01  Drone  
  35  3:13  Drone  
  35  3:14  Drone  
  35  3:17  Overlord  
  35  3:18  Drone x3  
  40  3:21  Drone  
  40  3:26  Queen  
  41  3:29  Drone  
  41  3:34  Overlord  
  43  3:39  Queen  
  43  3:40  Zergling x2  
  45  3:43  Zergling x2  
  45  3:47  Queen  
  45  3:48  Drone  
  49  3:51  Zergling x2  
  49  3:53  Drone  
  51  3:57  Drone  
  51  3:58  Zergling x4  
  51  4:01  Drone  
  55  4:03  Drone  
  55  4:05  Lair  
  55  4:07  Drone  
  55  4:08  Drone  
  58  4:15  Spore Crawler x2  
  58  4:16  Drone x2  
  58  4:18  Drone  
  58  4:19  Drone  
  58  4:22  Overlord  
  58  4:24  Drone  
  61  4:26  Drone  
  61  4:27  Baneling Nest  
  61  4:31  Extractor, Drone x2  
  63  4:34  Overlord  
  62  4:38  Spore Crawler  
  62  4:41  Spore Crawler  
  62  4:43  Zergling x2, Spore Crawler  
  62  4:44  Zergling x4  
  62  4:46  Zergling x2  
  62  4:48  Zergling x2  
  62  4:49  Drone  
  62  4:51  Drone  
  66  4:54  Drone  
  66  4:55  Zergling x4  
  66  4:56  Drone  
  66  4:58  Drone x2  
  72  5:00  Drone  
  72  5:02  Drone, Overseer  
  74  5:09  Overlord x2  
  74  5:10  Baneling x2  
  74  5:11  Baneling x2  
  74  5:15  Overlord  
  74  5:26  Drone  
  74  5:28  Drone x3  
  76  5:29  Drone x2  
  76  5:31  Drone x2  
  76  5:32  Drone x2  
  82  5:35  Overlord  
  82  5:36  Drone  
  82  5:37  Drone x2  
  82  5:38  Centrifical Hooks  
  82  5:40  Drone x3  
  88  5:45  Overlord  
  88  5:52  Drone x2  
  88  5:54  Drone  
  88  5:55  Extractor  
  88  5:56  Evolution Chamber x2  
  88  5:59  Hatchery  
  88  6:00  Drone x2  
  89  6:04  Overlord  
  89  6:14  Extractor  
  88  6:19  Zergling x18  
  88  6:21  Overlord  
  97  6:26  Drone x2  
  97  6:28  Zerg Ground Armor Level 1  
  97  6:32  Zergling x6, Extractor  
  101  6:33  Hatchery  
  101  6:38  Overlord  
  100  6:42  Zergling x2  
  100  6:43  Zergling x2  
  100  6:45  Baneling x6  
  102  6:48  Zergling x16  
  102  6:54  Zergling x2  
  111  6:57  Drone  
  111  6:58  Drone  
  113  7:01  Zergling x6  
  113  7:03  Baneling x2  
  113  7:04  Baneling x5  
  113  7:05  Zergling x2  
  117  7:09  Drone x2  
  117  7:10  Zerg Melee Weapons Level 1  
  117  7:12  Zergling x2  
  117  7:13  Drone  
  121  7:17  Zergling x4  
  121  7:18  Zergling x2  
  121  7:19  Zergling x4  
  121  7:20  Zergling x2  
  127  7:26  Zergling x8  
  127  7:29  Zergling x2  
  132  7:30  Zergling x4  
  132  7:34  Drone x3  
  124  7:39  Drone  
  125  7:44  Overlord  
  125  7:47  Drone x6  
  125  7:48  Drone x2  
  125  7:50  Queen  
  132  7:52  Hydralisk Den  
  132  7:56  Zergling x2  
  132  7:57  Zergling x6, Spore Crawler  
  132  7:58  Zergling x2  
  135  8:01  Baneling x7  
  135  8:05  Overlord, Drone x2  
  134  8:06  Drone  
  134  8:07  Extractor, Drone  
  134  8:09  Drone x2  
  134  8:10  Drone  
  137  8:13  Extractor  
  137  8:14  Drone x3  
  137  8:16  Pneumatized Carapace  
  137  8:17  Drone x5  
  137  8:19  Baneling x4  
  144  8:21  Zergling x4, Queen  
  144  8:22  Drone  
  144  8:23  Zerg Ground Armor Level 2  
  149  8:27  Overlord  
  149  8:29  Hydralisk x2  
  149  8:30  Hydralisk x2  
  149  8:34  Infestation Pit  
  156  8:36  Overlord  
  156  8:42  Hydralisk, Spore Crawler  
  156  8:44  Overlord  
  156  8:46  Baneling x5  
  157  8:49  Drone x4  
  157  8:51  Hydralisk  
  157  8:52  Zergling x8, Extractor  
  157  8:54  Overlord  
  157  8:55  Zergling x2, Hydralisk x2  
  167  8:56  Zergling x4  
  167  9:01  Zergling x4, Hydralisk  
  167  9:02  Zergling x2  
  172  9:08  Hydralisk x2  
  174  9:10  Hydralisk x2  
  174  9:11  Zergling x4  
  174  9:14  Overlord, Hydralisk x2  
  174  9:15  Zergling x6  
  179  9:21  Hydralisk  
  179  9:22  Zergling x8, Hydralisk  
  179  9:23  Zergling x2  
  187  9:24  Hive  
  187  9:25  Zerg Melee Weapons Level 2  
  187  9:30  Hydralisk x2  
  184  9:31  Zergling x2  
  184  9:35  Zergling x4, Hydralisk, Hatchery  
  184  9:36  Hydralisk  
  182  9:44  Extractor  
  182  9:45  Extractor  
  180  9:47  Lurker Den  
  175  9:53  Zergling x10  
  175  9:58  Muscular Augments  
  179  10:07  Drone x4  
  179  10:08  Drone x4  
  179  10:09  Zergling x4  
  179  10:10  Zergling x2  
  189  10:18  Overlord  
  189  10:19  Drone x2  
  189  10:26  Zergling x4  
  189  10:28  Baneling x13  
  191  10:35  Overlord  
  191  10:38  Viper  
  194  10:44  Hydralisk x2  
  194  10:45  Zergling x18  
  194  10:47  Overlord  
  186  10:52  Hydralisk  
  186  10:53  Zergling x8  
  190  10:57  Seismic Spines, Hydralisk  
  190  11:03  Overlord  
  188  11:04  Hatchery, Viper x2  
  188  11:08  Zergling x12  
  188  11:09  Grooved Spines  
  195  11:15  Extractor  
  195  11:16  Lurker x2  
  195  11:17  Zergling x6  
  199  11:21  Drone  
  200  11:32  Hatchery  
  199  11:37  Zerg Ground Armor Level 3  
  199  11:42  Lurker  
  197  12:03  Lurker x2  
  197  12:04  Lurker x2  
  176  12:09  Hydralisk  
  176  12:10  Zergling x40  
  174  12:15  Hydralisk  
  174  12:16  Zergling x2  
  174  12:22  Hydralisk x2  
  148  12:23  Zergling x10  
  148  12:27  Queen  
  148  12:29  Hydralisk x4  
  152  12:30  Zergling x2  
  152  12:31  Hydralisk x2  
  152  12:34  Hydralisk  
  162  12:40  Hydralisk x2  
  162  12:41  Queen  
  162  12:44  Adrenal Glands  
  154  12:45  Hydralisk  
  154  12:46  Zergling x4  
  154  12:48  Hydralisk x2  
  154  12:49  Queen  
  146  12:53  Hydralisk x2  
  146  12:55  Hydralisk  
  146  12:56  Hydralisk  
  146  12:57  Zergling x4  
  144  13:00  Hydralisk  
  144  13:01  Zergling x2  
  144  13:04  Zergling x4  
  144  13:05  Queen  
  149  13:10  Zergling x6  
  150  13:16  Zergling x2  
  150  13:17  Zergling x2  
  151  13:20  Baneling  
  151  13:22  Hatchery  
  151  13:23  Zergling x4  
  151  13:26  Zergling x4  
  149  13:32  Baneling x11  
  149  13:33  Zergling x4  
  140  13:35  Zergling x2  
  140  13:41  Zergling x8  
  140  13:45  Hydralisk  
  140  13:46  Zergling x4  
  142  13:52  Hydralisk x2  
  146  13:57  Drone x2  
  146  13:58  Lurker Den  
  146  14:02  Zergling x4, Extractor, Hydralisk  
  150  14:03  Zergling x2  
  150  14:09  Queen  
  149  14:13  Zergling x6, Hydralisk  
  149  14:18  Hydralisk x3, Hatchery  
  149  14:24  Hydralisk  
  149  14:28  Hatchery  
  149  14:31  Drone x5  
  142  14:40  Queen  
  142  14:44  Viper  
  141  14:52  Hatchery  
  135  15:05  Lurker x5  
  140  15:07  Zergling x10  
  145  15:16  Lurker  
  145  15:20  Lurker  
  146  15:25  Lurker  
  146  15:26  Zergling x6  
  146  15:28  Zergling x2  
  150  15:30  Zergling x4  
  146  15:40  Hydralisk x2  
  146  15:41  Zergling x2  
  138  15:43  Lurker  
  138  15:47  Extractor  
  134  15:58  Queen, Drone  
  134  16:00  Lurker  
  134  16:01  Lurker  
  134  16:02  Zergling x6  
  134  16:03  Zergling x4, Extractor  
  143  16:13  Zergling x2  
  143  16:14  Zergling x4  
  143  16:15  Adaptive Talons  
  141  16:19  Hydralisk  
  141  16:20  Zergling x4  
  141  16:23  Hydralisk  
  141  16:24  Zergling x2  
  139  16:30  Zergling x2  
  133  16:37  Drone  
  134  16:41  Lurker x2  
  134  16:43  Zergling x12  
  134  16:46  Drone x3  
  145  16:50  Hatchery  
  145  16:51  Lurker x2  
  145  16:55  Hydralisk x2  
  145  17:04  Hydralisk  
  145  17:05  Zergling x16  
  154  17:09  Lurker  
  154  17:10  Lurker  
  155  17:22  Hydralisk  
  137  17:23  Zergling x14  
  145  17:30  Drone x4  
  147  17:38  Hydralisk  
  147  17:39  Zergling x8  
  147  17:46  Hydralisk  
  147  17:50  Hydralisk x2  
  132  17:58  Lurker  
  132  17:59  Hydralisk x2, Lurker x2  
  132  18:02  Zergling x4  
  132  18:04  Zergling x2  
  142  18:05  Hatchery  
  142  18:06  Lurker  
  134  18:20  Hydralisk  
  134  18:21  Zergling x12  
  136  18:33  Viper x3  
  136  18:37  Lurker  
  141  18:42  Hydralisk x2  
  141  18:43  Zergling x4  
  141  18:45  Hatchery  
  141  18:47  Lurker x2  
  149  18:53  Hydralisk  
  149  18:54  Zergling x4  
  152  19:02  Hydralisk  
  151  19:03  Zergling x2  
  151  19:11  Hydralisk  
  151  19:12  Zergling x4  
  150  19:18  Drone x2  
  150  19:19  Hydralisk  
  150  19:20  Queen  
  156  19:28  Hydralisk x2  
  138  19:32  Hydralisk  
  138  19:33  Zergling x2  
Tags
 
Add a new tag
Caveats
  • Supply blocks, unpowered buildings, or Contaminate may cause inaccurate times.
  • Supply counts are checked every 10 seconds.